 Dungeon Crawl Stone Soup version 0.27-a0-412-g8dd771eca2 (webtiles) character file.

Game seed: 9804903048805903860

9 Ijustatesigmund the Skirmisher (level 2, 24/24 HPs)
             Began as a Demonspawn Fighter on Feb 24, 2021.
             Quit the game on level 1 of the Dungeon.
             The game lasted 00:00:32 (201 turns).

Ijustatesigmund the Skirmisher (Demonspawn Fighter)  Turns: 201, Time: 00:00:33

Health: 24/24      AC:  6    Str: 16    XL:     2   Next: 3%
Magic:  2/2        EV:  7    Int:  9    God:
Gold:   0          SH:  8    Dex: 12    Spells: 1/1 levels left

rFire    . . .     SeeInvis .   a - +0 war axe
rCold    . . .     Faith    .   c - +0 kite shield
rNeg     . . .     Spirit   .   b - +0 scale mail
rPois    .         Reflect  .   (helmet restricted)
rElec    .         Harm     .   (no cloak)
rCorr    .         Rampage  .   (no gloves)
Will     .....                  (no boots)
Stlth    ..........             (no amulet)
HPRegen  0.08/turn              (no ring)
MPRegen  0.08/turn              (no ring)

@: no status effects
A: horns 1
a: no special abilities


You were on level 1 of the Dungeon.
You visited 1 branch of the dungeon, and saw 1 of its levels.

Inventory:

Hand Weapons
 a - a +0 war axe (weapon)
Armour
 b - a +0 scale mail (worn)
 c - a +0 kite shield (worn)
Scrolls
 e - a scroll of identify {unknown}
 f - a scroll of magic mapping {unknown}
 g - a scroll of teleportation {unknown}
Potions
 d - a potion of might


   Skills:
 + Level 3.1 Fighting
 * Level 2.2 Axes
 - Level 2.6 Armour
 + Level 0.4 Dodging
 - Level 2.6 Shields


You had one spell level left.
You didn't know any spells.
Your spell library was empty.

Dungeon Overview and Level Annotations

Branches:
Dungeon (1/15)

Altars:


Innate Abilities, Weirdness & Mutations

You have a pair of small horns on your head.


Message History

No target in view!
No target in view!
No target in view!
HP restored.
Found 28 arrows.
Items here: ))) †.
As you open the door, it creaks loudly!
Found a robe.
Found 21 stones.
Found 20 stones.
Found a mace.
A kobold comes into view. It is wielding a +0 short sword.
The kobold shouts!
You hear a shout!
A kobold comes into view. It is wielding a +0 dagger.
Found 10 gold pieces.
The kobold throws a stone.
The stone closely misses you.
A rat comes into view.
The kobold throws a stone.
You block the stone.
Found a scroll labelled MESOAXTEUN.
The kobold hits you but does no damage.
You see here a scroll labelled RUIVOY IL MALU.
You barely miss the kobold. You block the kobold's attack.
The kobold hits you but does no damage.
You slash the kobold!
You kill the kobold!
You miss the kobold. The kobold hits you but does no damage.
The kobold hits you with a +0 short sword.
You slash the rat!
You kill the rat!
You slash the kobold!
You kill the kobold!
You have reached level 2!
Your demonic ancestry asserts itself...
A pair of horns grows on your head!
f - a scroll labelled RUIVOY IL MALU
Things that are here:
a +0 short sword; a stone
g - a scroll labelled ZIUXEO XEUGG
Found a stone staircase leading down.
Are you sure you want to abandon this character and quit the game? (Confirm with "yes".)

..> #.. #.. .. #.#
.# ..... #?# .#
..... ##.##.#
......#.....#
$......#.@...#
#......#...).#
##.##...(.)..#
.....#...)....####
#...................
#..............#####
#.............##
...........#.#####
.................#


There were no monsters in sight!

Vanquished Creatures
  A ball python (D:1)
  3 goblins (D:1)
  4 kobolds (D:1)
  A rat (D:1)
9 creatures vanquished.

Notes
Turn   | Place    | Note
-------+----------+-------------------------------------------
     0 | D:1      | Ijustatesigmund the Demonspawn Fighter began the quest for
                  | the Orb.
     0 | D:1      | Reached XP level 1. HP: 18/18 MP: 1/1
   180 | D:1      | Gained mutation: You have a pair of small horns on your
                  | head. [demonic ancestry]
   180 | D:1      | Reached XP level 2. HP: 23/24 MP: 2/2
   201 | D:1      | Quit the game

Illustrated notes

Levels and vault maps discovered:
D:1:      amcnicky_arrival_underground_garden, layout_basic

Skill      XL: |  1 |
---------------+----+-----
Axes           | 2 |  2.2
Fighting       | |  3.1
Armour         | |  2.6
Dodging        | |  0.4
Shields        | |  2.6

Action                   || total
-------------------------++-------
Melee: War axe           ||    13
Armor: Scale mail        ||     9
Dodge: Dodged            ||     2
Block: Kite shield       ||     8

Table legend: (Time is in decaauts)
 A = Elapsed time spent in this place.
 B = Non-inter-level travel time spent in this place.
 C = Inter-level travel time spent in this place.
 D = Time resting spent in this place.
 E = Time spent auto-exploring this place.
 F = Levels seen in this place.
 G = Mean time per level.
                   A        B        C        D        E       F      G
               +--------+--------+--------+--------+--------+-----+--------+
         Total |    209 |    209 |      0 |      0 |    169 |   1 |  209.0 |
       Dungeon |    209 |    209 |      0 |      0 |    169 |   1 |  209.0 |
               +--------+--------+--------+--------+--------+-----+--------+

Top non-repeatable levels by time:
     D:1: 209 daAuts
